 Dungeon Sprint DCSS version 0.22-a0-358-g7563fe7 (webtiles) character file.

212 KristoblXynda the Carver (level 5, -22/45 HPs)
             Began as a Draconian Gladiator on Apr 18, 2018.
             Killed from afar by a deep elf mage (26 damage)
             ... with a bolt of lightning
             ... in the Dungeon (Sprint III: "The Ten Rune Challenge").
             The game lasted 00:02:26 (703 turns).

KristoblXynda the Carver (Draconian Gladiator)       Turns: 703, Time: 00:02:26

Health: -22/45     AC:  5    Str: 16    XL:     5   Next: 58%
Magic:  5/5        EV: 15    Int:  9    God:
Gold:   30         SH:  0    Dex: 13    Spells: 4/4 levels left

rFire    . . .     SeeInvis .   a - +0 long sword
rCold    . . .     Gourm    .   (no shield)
rNeg     . . .     Faith    .   (armour unavailable)
rPois    .         Spirit   .   b - +0 hat
rElec    .         Reflect  .   (no cloak)
rCorr    .         Harm     .   (no gloves)
MR       .....     NoTele   +   (no boots)
Stlth    +.........             (no amulet)
HPRegen  0.15/turn              (no ring)
MPRegen  0.09/turn              (no ring)

@: no status effects
A: unfitting armour, cold-blooded, AC +5
a: no special abilities


You were in the Dungeon.
You were not hungry.

You visited 1 branch You collected 30 gold pieces.

Inventory:

Hand Weapons
 a - a +0 long sword (weapon)
Missiles
 i - a throwing net (quivered)
Armour
 b - a +0 hat (worn)
Scrolls
 j - a scroll of blinking
 l - a scroll of immolation
 n - a scroll of remove curse
Potions
 e - 3 potions of curing
 f - a potion of heal wounds
 g - a potion of haste
 h - 2 potions of magic
 k - 3 potions of mutation
 o - a potion of resistance
 p - a potion of flight
Comestibles
 c - a chunk of flesh
 d - 3 rations


   Skills:
 + Level 3.3 Fighting
 + Level 9.7 Long Blades
 - Level 2.0 Throwing
 + Level 6.6 Dodging


You had 4 spell levels left.
You didn't know any spells.

Dungeon Overview and Level Annotations

Branches:
Dungeon (1/1)

Altars:
Elyvilon
Kikubaaqudgha
Sif Muna
Vehumet
Zin
The Shining One


Innate Abilities, Weirdness & Mutations

Your plain brown scales are hard. (AC +5)
You cannot fit into any form of body armour.
You are cold-blooded and may be slowed by cold attacks.


Message History

You completely miss the deep elf mage.
Your tail-slap misses the deep elf mage.
The deep elf mage mumbles some strange words.
The deep elf mage blinks!
There is an open door here.
You close the door.
You start resting.
A deep elf mage opens the door.
It is wielding a long sword of holy wrath.
The deep elf mage gestures at you while chanting.
The bolt of lightning misses you. x2
There is an open door here.
You hit the deep elf mage.
The deep elf mage is lightly wounded.
The deep elf mage gestures at you while chanting.
The bolt of lightning hits you!
Ouch! That really hurt!
* * * LOW HITPOINT WARNING * * *
The bolt of lightning hits you!
Ouch! That really hurt!
You die...

▓▓▓▓ ▓▓▓ )..#### ##.#####
......#####..#___#
.......#..#..#...#
#.##...#..#..###@#+###+##
#.###..##'#..#...e......#
##.##†.###...'.⌠........#
..##..####...#...######+#
..##..###....#.⌠.#
.##...##.....#)..#
##....#......#)###
##..##.#.....#...#
#..#####....#___#


You could see a deep elf mage.

Vanquished Creatures
  A water elemental (D)
  A scorpion (D)
  A wizard (D)
  Jessica (D)
  A kobold demonologist (D)
  A human (D)
  An ooze (D)
  A rat (D)
8 creatures vanquished.

Vanquished Creatures (others)
  2 draconian scorchers (D)
  6 hellions (D)
  A yaktaur (D)
9 creatures vanquished.

Grand Total: 17 creatures vanquished

Notes
Turn   | Place    | Note
-------+----------+-------------------------------------------
     0 | D        | KristoblXynda the Draconian Gladiator began the quest for the Orb.
     0 | D        | Reached XP level 1. HP: 17/17 MP: 1/1
    13 | D        | Reached skill level 4 in Long Blades
    50 | D        | Killed a yaktaur
    89 | D        | Killed a hellion
    92 | D        | Killed a hellion
   126 | D        | Noticed Jessica
   128 | D        | Killed Jessica
   128 | D        | Reached skill level 5 in Long Blades
   128 | D        | Reached XP level 2. HP: 24/24 MP: 2/2
   128 | D        | Reached XP level 3. HP: 29/29 MP: 3/3
   162 | D        | Reached skill level 6 in Long Blades
   171 | D        | Killed a white draconian scorcher
   175 | D        | Killed a hellion
   202 | D        | Killed a hellion
   203 | D        | Killed a hellion
   203 | D        | Killed a white draconian scorcher
   214 | D        | Noticed a scorpion
   228 | D        | Killed a scorpion
   228 | D        | Reached skill level 7 in Long Blades
   228 | D        | Reached skill level 5 in Dodging
   228 | D        | Reached XP level 4. HP: 15/36 MP: 4/4
   237 | D        | Killed a hellion
   457 | D        | Noticed a water elemental
   463 | D        | Killed a water elemental
   463 | D        | Reached skill level 9 in Long Blades
   463 | D        | Reached XP level 5. HP: 38/41 MP: 5/5
   572 | D        | Found a radiant altar of Vehumet.
   573 | D        | Found a deep blue altar of Sif Muna.
   573 | D        | Found an ancient bone altar of Kikubaaqudgha.
   581 | D        | Noticed a rust devil
   684 | D        | Found a glowing silver altar of Zin.
   684 | D        | Found a glowing golden altar of the Shining One.
   684 | D        | Found a white marble altar of Elyvilon.
   685 | D        | Noticed a deep elf mage
   688 | D        | HP: 1/45 [deep elf mage/bolt of lightning (10)]
   703 | D        | Killed from afar by a deep elf mage

Vault maps used:
D:        dungeon_sprint_mu

Skill      XL: |  1  2  3  4  5 |
---------------+----------------+-----
Throwing       | 2 |  2.0
Long Blades    | 5 7 9 |  9.7
Dodging        | 4 5 6 |  6.6
Fighting       | 3 |  3.3

Action                   |  1- 3 |  4- 6 || total
-------------------------+-------+-------++-------
Melee: Long sword        |    20 |    17 ||    37
       Tailslap          |     6 |     4 ||    10
Throw: Throwing net      |     3 |     1 ||     4
  Use: Scroll            |       |     5 ||     5
       Potion            |       |     2 ||     2
 Stab: Sleeping          |     1 |       ||     1
       Held in net/web   |     3 |     1 ||     4
Armor: Skin              |     2 |       ||     2
Dodge: Dodged            |     6 |     8 ||    14
       Rpst.: Long sword |     2 |     1 ||     3

Table legend:
 A = Spawn XP
 B = Non-spawn XP
 C = Spawn XP percentage of total XP
 D = Spawn monster count
 E = Non-spawn monster count
 F = Spawn count percentage of total count
 G = Total turns spent on level
                    A         B        C        D         E        F      G
               +---------+---------+-------+---------+---------+-------+---------
         Total |       0 |     304 |   0.0 |       0 |       8 |   0.0 |   703
               +---------+---------+-------+---------+---------+-------+---------
             D |       0 |     304 |   0.0 |       0 |       8 |   0.0 |   703
               +---------+---------+-------+---------+---------+-------+---------
